 Dungeon Crawl Stone Soup version 0.30-a0-165-g1891117ce2 (webtiles) character file.

Game seed: 12420950817670330045

32 Sobieck the Trooper (level 3, -14/23 HPs)
             Began as a Kobold Fighter on Sept 28, 2022.
             Demolished by a kobold
             ... wielding a +0 dagger of electrocution
              (19 damage)
             ... on level 2 of the Dungeon.
             The game lasted 00:01:50 (1327 turns).

Sobieck the Trooper (Kobold Fighter)                Turns: 1327, Time: 00:01:50

Health: -14/23     AC:  6    Str: 15    XL:     3   Next: 45%
Magic:  3/3        EV: 10    Int:  9    God:
Gold:   112        SH:  5    Dex: 14    Spells: 2/2 levels left

rFire   . . .      SeeInvis .    a - +0 flail {mace}
rCold   . . .      Faith    .    c - +0 buckler
rNeg    . . .      Spirit   .    b - +0 scale mail
rPois   .          Reflect  .    (no helmet)
rElec   .          Harm     .    (no cloak)
rCorr   .          Rampage  .    (no gloves)
Will    .....                    (no boots)
Stlth   +.........               (no amulet)
HPRegen 0.07/turn                (no ring)
MPRegen 0.08/turn                (no ring)

@: no status effects
A: small, no large weapons, nightstalker 3
a: no special abilities


You were on level 2 of the Dungeon.
You visited 1 branch of the dungeon, and saw 2 of its levels.

You collected 112 gold pieces.


Innate Abilities, Weirdness & Mutations

You are small and have problems with some larger weapons.
You are completely attuned to the shadows.


   Skills:
 + Level 3.6 Fighting
 * Level 2.4 Maces & Flails
 + Level 2.6 Armour
 + Level 2.6 Shields


You had 2 spell levels left.
You didn't know any spells.
Your spell library was empty.

Inventory:

Hand Weapons
 a - a +0 flail (weapon) {mace}
 g - a +2 dagger of venom {short}
   (You found it on level 1 of the Dungeon)
 p - a +1 long sword of protection {long}
   (You found it on level 2 of the Dungeon)
Missiles
 f - 5 stones (quivered) {throwing}
Armour
 b - a +0 scale mail (worn)
 c - a +0 buckler (worn)
 e - a +0 robe
   (You found it on level 1 of the Dungeon)
 m - a +0 chain mail
   (You found it on level 1 of the Dungeon)
Scrolls
 h - a scroll of summoning {unknown}
 l - a scroll of identify {unknown}
 n - a scroll of fear {unknown}
 o - a scroll of brand weapon {unknown}
Potions
 d - a potion of might
 i - 2 potions of curing {unknown}
 j - a potion of degeneration {unknown}
 k - a potion of resistance {unknown}

Dungeon Overview and Level Annotations

Branches:
Dungeon (2/15) Zot: 10645

Altars:

####.#####.......
#..........†.....
#.##.######......
#.##.# #......
#.##.# #......
#.##.# ####......
#.##.###....###.
#.##...###
#@##...# #K##...#
#.##...# #.##...#
#.##...# #...#
#...# #...# #.###


You could see a kobold.


Message History

You start removing your armour.
You continue taking off your +0 scale mail. x4
You finish taking off your +0 scale mail.
You start putting on your armour.
You continue putting on your +0 chain mail. x5
You finish putting on your +0 chain mail.
You start removing your armour.
You continue taking off your +0 chain mail. x4
You finish taking off your +0 chain mail.
You start putting on your armour.
You continue putting on your +0 scale mail. x5
You finish putting on your +0 scale mail.
You start removing your armour.
You continue taking off your +0 scale mail. x4
You finish taking off your +0 scale mail.
You start putting on your armour.
You continue putting on your +0 chain mail. x5
You finish putting on your +0 chain mail.
You start removing your armour.
You continue taking off your +0 chain mail. x4
You finish taking off your +0 chain mail.
You start putting on your armour.
You continue putting on your +0 scale mail. x5
You finish putting on your +0 scale mail.
Unknown command.
(D) Dungeon
Where to? (? - help)
There is a stone staircase leading down here.
You climb downwards.
There is a stone staircase leading up here.
Unknown command.
Unknown command.
Unknown command.
Found a stone staircase leading down.
Unknown command.
There is a stone staircase leading down here.
Found a stone staircase leading up.
Unknown command.
There is a stone staircase leading up here.
Found a stone staircase leading down.
Unknown command.
n - a scroll labelled GYTHRA BIRO
There is a stone staircase leading down here.
A hobgoblin comes into view.
Found a stone staircase leading down.
The hobgoblin shouts!
Danger!
You see here 4 gold pieces.
You completely miss the hobgoblin.
A hobgoblin comes into view.
The hobgoblin hits you but does no damage.
You closely miss the hobgoblin. You block the hobgoblin's attack.
You thump the hobgoblin!
You kill the hobgoblin!
You have reached level 3!
Your experience leads to an increase in your attributes!
Increase (S)trength, (I)ntelligence, or (D)exterity?
You feel stronger. x2
You barely miss the hobgoblin.
The hobgoblin hits you but does no damage.
You hit the hobgoblin.
You kill the hobgoblin!
No target in view!
No target in view!
You now have 97 gold pieces (gained 4).
You now have 102 gold pieces (gained 5).
An adder comes into view.
Danger!
The helpless adder fails to defend itself.
You sock the adder!
The adder bites you but does no damage. x2
You sock the adder!
You kill the adder!
No target in view!
o - a scroll labelled QUPLIASIAN
p - a +1 long sword of protection {long} Unknown command.
A ball python comes into view.
Danger!
The ball python hisses angrily.
The ball python bites you but does no damage.
The ball python closely misses you.
You hit the ball python.
You kill the ball python!
No target in view!
No target in view!
You now have 112 gold pieces (gained 10).
A kobold comes into view.
It is wielding a +0 dagger of electrocution.
Danger!
The kobold shouts!
The kobold hits you but does no damage.
You are electrocuted!
Ouch! That really hurt!
* * * LOW HITPOINT WARNING * * *
Unknown command.
You barely miss the kobold.
The kobold hits you with a +0 dagger of electrocution.
* * * LOW HITPOINT WARNING * * *
You are electrocuted!!
Ouch! That really hurt!
You die...

Skill      XL: |  1 |
---------------+----+-----
Maces & Flails | 2 |  2.4
Fighting       | |  3.6
Armour         | |  2.6
Shields        | |  2.6

Action                   || total
-------------------------++-------
Melee: Flail             ||    74
 Stab: Sleeping          ||     2
Armor: Scale mail        ||    33
Dodge: Dodged            ||    38
Block: Buckler           ||    30

Levels and vault maps discovered:
D:1:      nicolae_arrival_somewhat_less_tricky_arrival, layout_rooms,
          shapermc_ecumenical_altar_venn, amcnicky_mini_pool_small
D:2:      layout_rooms, basic_altar

Notes
Turn   | Place    | Note
-------+----------+-------------------------------------------
     0 | D:1      | Sobieck the Kobold Fighter began the quest for the Orb.
     0 | D:1      | Reached XP level 1. HP: 14/14 MP: 1/1
   226 | D:1      | Reached skill level 2 in Maces & Flails
   257 | D:1      | Reached XP level 2. HP: 8/19 MP: 2/2
   759 | D:1      | Found a faded altar of an unknown god.
  1225 | D:2      | Reached XP level 3. HP: 23/23 MP: 3/3
  1327 | D:2      | HP: 5/23 [kobold/+0 dagger of electrocution (1)]
  1327 | D:2      | Demolished by a kobold

Vanquished Creatures
  An adder (D:2)
  A dart slug (D:1)
  A ball python (D:2)
  An endoplasm (D:1)
  2 giant cockroaches (D:1)
  A goblin (D:1)
  7 hobgoblins
  A kobold (D:1)
  2 bats (D:1)
  A rat (D:1)
18 creatures vanquished.

Table legend:
 A = Non-vault XP
 B = Vault XP
 C = Vault XP percentage of total XP
 D = Non-vault monster count
 E = Vault monster count
 F = Vault count percentage of total count
                 A         B        C        D         E       F
            +---------+---------+-------+---------+---------+-------
      Total |      47 |       0 |   0.0 |      18 |       0 |   0.0
            +---------+---------+-------+---------+---------+-------
        D:1 |      28 |       0 |   0.0 |      14 |       0 |   0.0
        D:2 |      19 |       0 |   0.0 |       4 |       0 |   0.0
            +---------+---------+-------+---------+---------+-------

Illustrated notes

Table legend:
 A = Kills in this place as a percentage of kills in entire the game.
 B = Kills by you in this place as a percentage of kills by you in the entire game.
 C = Kills by friends in this place as a percentage of kills by friends in the entire game.
 D = Other kills in this place as a percentage of other kills in the entire game.
 E = Experience gained in this place as a percentage of experience gained in the entire game.
 F = Experience gained in this place divided by the number of levels of this place that you have seen.
                   A       B       C       D       E      F
               +-------+-------+-------+-------+-------+----------------------
         Total | 100.0 | 100.0 |   N/A |   N/A | 100.0 |  23.5
       Dungeon | 100.0 | 100.0 |   N/A |   N/A | 100.0 |  23.5
               +-------+-------+-------+-------+-------+----------------------

Table legend: (Time is in decaauts)
 A = Elapsed time spent in this place.
 B = Non-inter-level travel time spent in this place.
 C = Inter-level travel time spent in this place.
 D = Time resting spent in this place.
 E = Time spent auto-exploring this place.
 F = Levels seen in this place.
 G = Mean time per level.
                   A        B        C        D        E       F      G
               +--------+--------+--------+--------+--------+-----+--------+
         Total |   1353 |   1336 |     17 |    395 |    734 |   2 |  676.5 |
       Dungeon |   1353 |   1336 |     17 |    395 |    734 |   2 |  676.5 |
               +--------+--------+--------+--------+--------+-----+--------+

Top non-repeatable levels by time:
     D:1: 1181 daAuts
     D:2: 171 daAuts
